 Dungeon Crawl Stone Soup version 0.28-a0-43-g560ac104fe (webtiles) character file.

Game seed: 6801910999520752116

88 Mitsuki the Skirmisher (level 4, -3/61 HPs)
             Began as a Minotaur Fighter on July 22, 2021.
             Slain by Sigmund (9 damage)
             ... on level 3 of the Dungeon on July 28, 2021.
             The game lasted 00:05:41 (2375 turns).

Mitsuki the Skirmisher (Minotaur Fighter)           Turns: 2375, Time: 00:05:41

Health: -3/61      AC: 22    Str: 22    XL:     4   Next: 30%
Magic:  3/3        EV:  2    Int:  5    God:
Gold:   86         SH:  9    Dex:  9    Spells: 3/3 levels left

rFire   . . .      SeeInvis .   a - +0 long sword
rCold   + . .      Faith    .   c - +0 kite shield
rNeg    + + +      Spirit   .   (armour currently unavailable)
rPois   +          Reflect  .   (helmet currently unavailable)
rElec   .          Harm     .   (cloak currently unavailable)
rCorr   .          Rampage  .   (gloves currently unavailable)
Will    .....      NoTele   +   (boots currently unavailable)
Stlth   +.........              (no amulet)
HPRegen 0.20/turn               f - ring of protection from cold
MPRegen 0.08/turn               (no ring)

@: tree-form
A: stationary, stasis, torment immunity, boosted hp, (horns 2), (retaliatory
headbutt)
a: no special abilities


You were on level 3 of the Dungeon.
You were a tree.
You visited 1 branch of the dungeon, and saw 3 of its levels.

You collected 86 gold pieces.

Inventory:

Hand Weapons
 a - a +0 long sword (weapon)
Armour
 b - a +0 pair of gloves (melded)
 c - a +0 kite shield (worn)
 k - a +0 plate armour (melded)
Jewellery
 f - a ring of protection from cold (left branch)
 l - an amulet of magic regeneration
Scrolls
 e - a scroll of identify {unknown}
 g - 2 scrolls of magic mapping {unknown}
 h - a scroll of immolation {unknown}
 j - a scroll of teleportation {unknown}
 m - a scroll of noise {unknown}
Potions
 d - 2 potions of might
 i - a potion of lignification
 n - a potion of resistance {unknown}


   Skills:
 + Level 4.4 Fighting
 + Level 3.5 Long Blades
 + Level 4.4 Armour
 + Level 4.3 Shields


You had 3 spell levels left.
You didn't know any spells.
Your spell library was empty.

Dungeon Overview and Level Annotations

Branches:
Dungeon (3/15)

Altars:
Wu Jian

Shops:
D:2 (

Annotations:
D:3 Sigmund


Innate Abilities, Weirdness & Mutations

You are a tree.
Your roots penetrate the ground, keeping you stationary.
You cannot be teleported.
You are immune to unholy pain and torment.
Your maximum health is greatly increased.
Your equipment is partially melded.
((You have a pair of horns on your head.))
((You reflexively headbutt those who attack you in melee.))


Message History

Sigmund is almost dead.
* * * LOW HITPOINT WARNING * * *
You feel very sick.
Sigmund mumbles some strange words.
Sigmund flickers and vanishes!
Deactivating autopickup; reactivate with Ctrl-A.
You take 4 damage, and have 11/41 hp.
It was a potion of lignification.
You turn into a tree.
Your +0 pair of gloves melds into your body.
Your +0 plate armour melds into your body.
Your roots penetrate the ground.
You feel sick.
You hear some strange, mumbled words.
You are confused.
You now have 15/61 hp.
You cannot move. (Use ctrl+direction or * direction to attack without moving.)
You cannot move. (Use ctrl+direction or * direction to attack without moving.) There's something in the way.
You closely miss something.
You feel sick.
Something hits you but does no damage. x2
You take 1 damage, and have 14/61 hp.
You barely miss something.
You feel sick. Something hits you but does no damage.
You take 1 damage, and have 13/61 hp.
There's something in the way.
You nearly hit yourself!
You feel sick.
You hear some strange, mumbled words.
Something tries to affect you, but you resist.
You take 1 damage, and have 12/61 hp.
There's something in the way.
You swing at nothing.
You feel sick. Something hits you.
* * * LOW HITPOINT WARNING * * *
Something hits you but does no damage.
You take 6 damage, and have 6/61 hp.
You closely miss something.
You feel sick.
You are no longer poisoned.
Something hits you but does no damage.
You miss something.
You feel less confused. Something hits you!
You die...

### #.#######
#.......# #
###.#####.# #.
#.......#.#
#####.######.###.#.#.#
............># #.#.#<#
###.#.#.##...# #.#.###
# #♣####.###.#.#
#{.........#.#####
#.####.#...#......
#.............######
#..#####.#.#.## #..#
#.#.#.# . #..# #.#.###
. #..# ###.#.#
#.#..##.##.#.#########


There were no monsters in sight!

Vanquished Creatures
  An orc wizard (D:3)
  2 adders (D:2)
  2 dart slugs (D:2)
  2 orcs (D:3)
  5 ball pythons
  5 bats (D:1)
  2 endoplasms (D:1)
  A giant cockroach (D:2)
  5 goblins
  4 hobgoblins
  A quokka (D:1)
  4 frilled lizards (D:1)
  2 kobolds (D:2)
  6 rats
42 creatures vanquished.

Notes
Turn   | Place    | Note
-------+----------+-------------------------------------------
     0 | D:1      | Mitsuki the Minotaur Fighter began the quest for the Orb.
     0 | D:1      | Reached XP level 1. HP: 19/19 MP: 0/0
   347 | D:1      | Reached XP level 2. HP: 27/27 MP: 1/1
  1168 | D:2      | Found an ornate altar of the Wu Jian Council.
  1184 | D:2      | Reached XP level 3. HP: 32/33 MP: 2/2
  1475 | D:2      | Found Yzeanex's Antique Weapon Shop.
  1673 | D:2      | Upgraded the game from 0.28-a0-2-g643f2454ad to
                  | 0.28-a0-43-g560ac104fe
  2019 | D:3      | Reached XP level 4. HP: 24/41 MP: 3/3
  2192 | D:3      | Found a faded altar of an unknown god.
  2356 | D:3      | Noticed Sigmund
  2375 | D:3      | Slain by Sigmund

Illustrated notes

Levels and vault maps discovered:
D:1:      dpeg_arrival_circle_labyrinth_c, layout_basic, hangedman_glass_teeth
D:2:      layout_loops_ring, basic_altar, serial_shops, shop,
          serial_bayou_lagoon_b
D:3:      layout_basic, beargit_hepliaklqana_dungeon_heroes,
          hellmonk_ecumenical_altar_prayer_group, uniq_sigmund

Skill      XL: |  1  2 |
---------------+-------+-----
Shields        | 4 |  4.3
Armour         | 4 |  4.4
Fighting       | 4 |  4.4
Long Blades    | 3 |  3.5

Action                   |  1- 3 |  4- 6 || total
-------------------------+-------+-------++-------
Melee: Long sword        |   103 |    17 ||   120
       Headbutt          |    13 |     5 ||    18
  Use: Potion            |       |     1 ||     1
Armor: Scale mail        |    33 |       ||    33
       Plate armour      |    21 |     5 ||    26
       Skin              |       |     5 ||     5
Dodge: Dodged            |    24 |     3 ||    27
Block: Kite shield       |    55 |     5 ||    60
       Rpst.: Long sword |     7 |     1 ||     8

Table legend: (Time is in decaauts)
 A = Elapsed time spent in this place.
 B = Non-inter-level travel time spent in this place.
 C = Inter-level travel time spent in this place.
 D = Time resting spent in this place.
 E = Time spent auto-exploring this place.
 F = Levels seen in this place.
 G = Mean time per level.
                   A        B        C        D        E       F      G
               +--------+--------+--------+--------+--------+-----+--------+
         Total |   2450 |   2245 |    205 |      0 |   1911 |   3 |  816.7 |
       Dungeon |   2450 |   2245 |    205 |      0 |   1911 |   3 |  816.7 |
               +--------+--------+--------+--------+--------+-----+--------+

Top non-repeatable levels by time:
     D:1: 1179 daAuts
     D:2: 912 daAuts
     D:3: 359 daAuts
